[Event "Titled Tuesday Blitz August 24 2021"]
[White "Rastbod, Ali"]
[Black "Pajeken, Jakob Leon"]
[WhiteFideId "12567477"]
[BlackFideId "12942839"]
[WhiteElo "2226"]
[BlackElo "2231"]
[Result "1-0"]
[Round "03"]
[TimeControl "180+1"]
[Date "2021.08.24"]
[WhiteClock "0:00:22"]
[BlackClock "0:00:55"]

1. c4 d6 2. d4 g6 3. Nf3 Bg7 4. Nc3 Nd7 5. g3 e5 6. Bg2 exd4 7. Nxd4 Ngf6 8. O-O O-O 9. b3 Re8 10. Bb2 Nc5 11. Qc2 a5 12. Rad1 c6 13. Rd2 Ng4 14. Rfd1 Qg5 15. Nf3 Qh5 16. Rxd6 Bf5 17. Qd2 Bh6 18. Qd4 Ne6 19. Qb6 Ng5 20. h4 Ne4 21. Nxe4 Rxe4 22. Rd8+ Re8 23. Rxa8 Rxa8 24. Rd8+ Rxd8 25. Qxd8+ Bf8 26. Ba3 Qh6 27. Ng5 Qg7 28. e4 Be6 29. Qxf8+ Qxf8 30. Bxf8 Kxf8 31. Nxh7+ Ke7 32. Ng5 Bc8 33. Kf1 c5 34. Ke2 b6 35. f4 Nf6 36. e5 Bg4+ 37. Bf3 Bxf3+ 38. Kxf3 Nd7 39. Ke4 f6 40. Nf3 Ke6 41. g4 f5+ 42. gxf5+ gxf5+ 43. Ke3 Nf8 44. Ng5+ Ke7 45. h5 Kd7 46. h6 Ng6 47. h7 Nh8 48. e6+ Ke7 49. Nf7 Ng6 50. h8=Q Nxh8 51. Nxh8 Kxe6 52. Ng6 Kf6 53. Ne5 Kg7 54. Nd7 1-0


[Site "https://www.chess.com"]

[Event "Titled Tuesday Blitz August 24 2021"]
[White "Rustemov, Alexander"]
[Black "Gurevich, Dmitry"]
[WhiteFideId "4119002"]
[BlackFideId "2000407"]
[WhiteElo "2734"]
[BlackElo "2506"]
[Result "1-0"]
[Round "03"]
[TimeControl "180+1"]
[Date "2021.08.24"]
[WhiteClock "0:01:17"]
[BlackClock "0:00:46"]

1. d4 Nf6 2. c4 a6 3. Nc3 c5 4. d5 b5 5. Qc2 d6 6. e4 b4 7. Nd1 g6 8. Nf3 Bg7 9. Ne3 O-O 10. Bd3 a5 11. O-O a4 12. Rb1 Ng4 13. h3 Nxe3 14. Bxe3 Nd7 15. Bf4 Qb6 16. Rfe1 b3 17. axb3 axb3 18. Qd2 Ra2 19. e5 dxe5 20. Nxe5 Nxe5 21. Bxe5 Bxe5 22. Rxe5 Qf6 23. Qe3 e6 24. d6 Ra5 25. Rxc5 Rxc5 26. Qxc5 Bb7 27. Qc7 Ba8 28. Bf1 Qd4 29. c5 Be4 30. Re1 Bc2 31. d7 Qd2 32. Re3 Qd1 33. c6 Ra8 34. Qc8+ 1-0


[Site "https://www.chess.com"]

[Event "Titled Tuesday Blitz August 24 2021"]
[White "Sadovsky, Artem"]
[Black "Samsonkin, Artiom"]
[WhiteFideId "4155840"]
[BlackFideId "13503111"]
[WhiteElo "2442"]
[BlackElo "2513"]
[Result "0-1"]
[Round "03"]
[TimeControl "180+1"]
[Date "2021.08.24"]
[WhiteClock "0:00:26"]
[BlackClock "0:01:28"]

1. Nf3 Nf6 2. g3 e6 3. Bg2 d5 4. O-O Be7 5. c4 O-O 6. b3 b6 7. Bb2 Bb7 8. d3 c5 9. Nbd2 d4 10. Qc2 Nc6 11. Ne5 Nb4 12. Qb1 Bxg2 13. Kxg2 Qc7 14. Nef3 e5 15. Ne1 Rae8 16. f3 Nd7 17. Nc2 Nc6 18. Bc1 f5 19. a3 a5 20. Ra2 Bd6 21. Ne1 Nf6 22. Kg1 e4 23. dxe4 Bxg3 24. hxg3 Qxg3+ 25. Ng2 fxe4 26. Nxe4 Nxe4 27. fxe4 Rxf1+ 28. Kxf1 Rf8+ 29. Kg1 Rf2 0-1


[Site "https://www.chess.com"]

[Event "Titled Tuesday Blitz August 24 2021"]
[White "Sarana, Alexey"]
[Black "Deepan Chakkravarthy J."]
[WhiteFideId "24133795"]
[BlackFideId "5011132"]
[WhiteElo "2646"]
[BlackElo "2490"]
[Result "1-0"]
[Round "03"]
[TimeControl "180+1"]
[Date "2021.08.24"]
[WhiteClock "0:00:29"]
[BlackClock "0:00:22"]

1. d4 d5 2. c4 c6 3. Nf3 e6 4. Nc3 f5 5. Bf4 Nf6 6. e3 Bd6 7. Bxd6 Qxd6 8. Bd3 O-O 9. O-O Ne4 10. Ne5 Nd7 11. Nxd7 Bxd7 12. f3 Nxc3 13. bxc3 e5 14. Qb3 b6 15. cxd5 cxd5 16. e4 fxe4 17. fxe4 Be6 18. exd5 Bxd5 19. c4 Bf7 20. d5 Bg6 21. Be2 Qc5+ 22. Kh1 Rf2 23. Rxf2 Qxf2 24. Qf3 Qxf3 25. gxf3 Kf8 26. a4 a5 27. Ra2 Be8 28. Rb2 Bxa4 29. Rxb6 Be8 30. c5 a4 31. Bc4 Ra5 32. c6 Rc5 33. Rb4 a3 34. Ra4 Bf7 35. Ra8+ Ke7 36. d6+ Kxd6 37. Bxf7 Rc3 38. Kg2 1-0


[Site "https://www.chess.com"]

[Event "Titled Tuesday Blitz August 24 2021"]
[White "Seo, Jung Min"]
[Black "Wieczorek, Zbigniew"]
[WhiteFideId "1734687"]
[BlackFideId "1102001"]
[WhiteElo "2486"]
[BlackElo "2297"]
[Result "1-0"]
[Round "03"]
[TimeControl "180+1"]
[Date "2021.08.24"]
[WhiteClock "0:00:10"]
[BlackClock "0:00:13"]

1. e4 g6 2. d4 Bg7 3. Nf3 d6 4. Be3 Nd7 5. Nc3 a6 6. Qd2 b5 7. Bd3 Bb7 8. a4 b4 9. Ne2 a5 10. c3 Ngf6 11. Ng3 e5 12. h3 O-O 13. O-O Re8 14. dxe5 dxe5 15. cxb4 axb4 16. Qxb4 Qc8 17. Rfc1 Bf8 18. Qc3 c5 19. Nd2 Qc6 20. Bb5 Qc7 21. Nc4 Nxe4 22. Nxe4 Bxe4 23. Bxd7 Qxd7 24. f3 Bxf3 25. gxf3 Qxh3 26. Bf2 Bh6 27. Nxe5 Bg7 28. f4 Qf5 29. Qc4 g5 30. Rab1 gxf4 31. Qxf7+ Qxf7 32. Nxf7 Kxf7 33. Rxc5 Re6 34. a5 Rg6+ 35. Kf1 Raa6 36. b4 f3 37. Rf5+ Ke6 38. Rxf3 Be5 39. Re1 Rf6 40. Rxf6+ Kxf6 41. Re2 Bc3 42. Be1 Bxe1 43. Kxe1 h5 44. Kd2 Kg5 45. Kc3 Ra8 46. Kc4 Kg4 47. Kb5 h4 48. a6 Kg3 49. Ka5 h3 50. b5 Kf3 51. Rh2 Kg3 52. Rxh3+ Kxh3 53. b6 Kg4 54. b7 Rf8 55. a7 1-0


[Site "https://www.chess.com"]

[Event "Titled Tuesday Blitz August 24 2021"]
[White "Serikbay, Assel"]
[Black "Weetik, Vjacheslav"]
[WhiteFideId "13706799"]
[BlackFideId "4153472"]
[WhiteElo "2044"]
[BlackElo "2469"]
[Result "0-1"]
[Round "03"]
[TimeControl "180+1"]
[Date "2021.08.24"]
[WhiteClock "0:00:52"]
[BlackClock "0:00:36"]

1. e4 c6 2. d4 d5 3. e5 Bf5 4. g4 Be4 5. f3 Bg6 6. h4 h5 7. Bd3 Bxd3 8. Qxd3 e6 9. Bg5 Qb6 10. b3 c5 11. Ne2 Nc6 12. Be3 hxg4 13. fxg4 Nh6 14. Rg1 Be7 15. Bf2 cxd4 16. Nxd4 Nxe5 17. Qe2 Nc6 18. g5 Nxd4 0-1


[Site "https://www.chess.com"]

[Event "Titled Tuesday Blitz August 24 2021"]
[White "Shahade, Gregory"]
[Black "Andreikin, Dmitry"]
[WhiteFideId "2009064"]
[BlackFideId "4158814"]
[WhiteElo "2695"]
[BlackElo "2782"]
[Result "0-1"]
[Round "03"]
[TimeControl "180+1"]
[Date "2021.08.24"]
[WhiteClock "0:00:02"]
[BlackClock "0:01:24"]

1. e4 c5 2. Nf3 e6 3. d4 cxd4 4. Nxd4 Nc6 5. Nc3 Qc7 6. Be3 a6 7. Qf3 Bd6 8. O-O-O Be5 9. Nxc6 bxc6 10. Bd4 Nf6 11. Bxe5 Qxe5 12. Qe3 O-O 13. f4 Qc7 14. g4 d5 15. g5 Nh5 16. e5 c5 17. Qf3 g6 18. Be2 Bb7 19. Rhg1 Rab8 20. Qf2 d4 21. Nb1 Ng7 22. Na3 Bd5 23. Nc4 Nf5 24. Rd2 Rb4 25. b3 Bxc4 26. Bxc4 Qa5 27. a4 Rfb8 28. Bd3 Ne3 29. Re2 c4 30. Bxg6 hxg6 0-1


[Site "https://www.chess.com"]

[Event "Titled Tuesday Blitz August 24 2021"]
[White "Skawinski, Arkadiusz"]
[Black "Pakleza, Zbigniew"]
[WhiteFideId "1126415"]
[BlackFideId "1119290"]
[WhiteElo "2200"]
[BlackElo "2526"]
[Result "0-1"]
[Round "03"]
[TimeControl "180+1"]
[Date "2021.08.24"]
[WhiteClock "0:00:19"]
[BlackClock "0:00:16"]

1. e4 d6 2. d4 Nf6 3. Nc3 c6 4. f4 Qb6 5. Nf3 Bg4 6. Be3 Qxb2 7. Bd2 Bxf3 8. gxf3 Qb6 9. Rb1 Qxd4 10. Rxb7 e6 11. Bd3 Nbd7 12. Ne2 Qc5 13. Bb4 Qh5 14. Ng3 Qh4 15. f5 d5 16. O-O Bc5+ 17. Kh1 O-O 18. fxe6 fxe6 19. Bxc5 Nxc5 20. Rb4 Rab8 21. Qd2 g6 22. Rxb8 Rxb8 23. Qc3 Nfd7 24. exd5 cxd5 25. Re1 Qb4 26. Qxb4 Rxb4 27. Kg2 Kf7 28. Nf1 Nxd3 29. cxd3 Rb2+ 30. Kg3 Rxa2 31. Ne3 Nc5 32. d4 Nb3 33. Rb1 Nxd4 34. Rb7+ Ke8 35. Ng4 h5 36. Nf6+ Kd8 37. Rg7 Nf5+ 0-1


[Site "https://www.chess.com"]

[Event "Titled Tuesday Blitz August 24 2021"]
[White "Skliarov, Viktor"]
[Black "Moon_stone123"]
[WhiteFideId "14106736"]
[WhiteElo "2281"]
[BlackElo "2425"]
[Result "1-0"]
[Round "03"]
[TimeControl "180+1"]
[Date "2021.08.24"]
[WhiteClock "0:00:15"]
[BlackClock "0:00:05"]

1. e4 c6 2. d4 d5 3. e5 Bf5 4. Nf3 e6 5. Be2 Nd7 6. O-O Ne7 7. a4 h6 8. a5 a6 9. Nbd2 g5 10. Ne1 h5 11. Bxh5 c5 12. c3 Nc6 13. Nb3 c4 14. Nd2 Nxa5 15. Bg4 Bg6 16. Ndf3 Be7 17. Be3 Nb3 18. Ra2 a5 19. Nd2 Nxd2 20. Qxd2 b5 21. Nf3 Bd3 22. Rfa1 Rg8 23. h3 Nb8 24. Ne1 Be4 25. f3 Bh7 26. f4 Nc6 27. Nf3 gxf4 28. Bxf4 Be4 29. Rf1 Qb6 30. Qe3 O-O-O 31. Nd2 Bg6 32. Rf2 Kb7 33. Ra1 Ra8 34. Bg5 Bf8 35. h4 Qc7 36. h5 Bd3 37. Be2 Bxe2 38. Rxe2 Ne7 39. g4 b4 40. Rf2 bxc3 41. bxc3 Nc6 42. Raf1 Rg7 43. Kh2 Rh7 44. Kh3 Be7 45. Rxf7 Rxf7 46. Rxf7 Re8 47. Bf6 Qd8 48. g5 1-0


[Site "https://www.chess.com"]

[Event "Titled Tuesday Blitz August 24 2021"]
[White "Srihari L R"]
[Black "Nakamura, Hikaru"]
[WhiteFideId "46617116"]
[BlackFideId "2016192"]
[WhiteElo "2121"]
[BlackElo "2900"]
[Result "0-1"]
[Round "03"]
[TimeControl "180+1"]
[Date "2021.08.24"]
[WhiteClock "0:00:02"]
[BlackClock "0:00:22"]

1. d4 g6 2. Nf3 Bg7 3. g3 d6 4. Bg2 Bd7 5. O-O Qc8 6. h4 Bh3 7. Nc3 Nc6 8. d5 Ne5 9. Nxe5 Bxe5 10. Be3 c5 11. dxc6 Bxg2 12. Kxg2 Qxc6+ 13. Qd5 Nf6 14. Qxc6+ bxc6 15. Rab1 Kd7 16. Nd1 d5 17. c3 Rhb8 18. f3 Bd6 19. Nf2 c5 20. Rfd1 Kc6 21. Bg5 Nd7 22. e4 e6 23. exd5+ exd5 24. Rd2 Nb6 25. Rbd1 Bc7 26. b3 Re8 27. Ng4 Re6 28. h5 gxh5 29. Nf6 Bd8 30. Nxh7 Rg6 31. f4 f6 32. Bh4 Be7 33. Re2 Kd7 34. Rde1 Nc8 35. Re6 Rb8 36. Bxf6 Bd6 37. f5 Rxg3+ 38. Kf2 Rg4 39. Be5 Bxe5 40. R1xe5 Kc7 41. Nf6 Rh4 42. Nxd5+ Kd7 43. Nf6+ Kc7 44. Rxc5+ Kb7 45. Nd7 Ra8 46. Rb5+ Kc7 47. Nf6 Nb6 48. Nd5+ Nxd5 49. Rxd5 Rg8 50. Rg6 Rf8 51. Kg3 Rh1 52. f6 Rf1 53. Kh4 Rh1+ 54. Kg5 h4 55. Rd4 h3 56. Rc4+ Kd6 57. Rh4 Ke5 58. Kh6 Rxf6 59. Kg5 Rg1+ 60. Kh5 Rgxg6 61. Rxh3 Rh6+ 62. Kg4 Rfg6+ 0-1


[Site "https://www.chess.com"]

[Event "Titled Tuesday Blitz August 24 2021"]
[White "Stoyanov, Tsvetan"]
[Black "Pichot, Alan"]
[WhiteFideId "2917173"]
[BlackFideId "110973"]
[WhiteElo "2191"]
[BlackElo "2622"]
[Result "0-1"]
[Round "03"]
[TimeControl "180+1"]
[Date "2021.08.24"]
[WhiteClock "0:00:06"]
[BlackClock "0:00:04"]

1. e4 e5 2. Nf3 Nc6 3. d4 exd4 4. Nxd4 Nf6 5. Nxc6 bxc6 6. e5 Qe7 7. Qe2 Nd5 8. h4 a5 9. c4 Nb6 10. Nd2 Ba6 11. b3 g6 12. Bb2 Bg7 13. h5 d6 14. f4 O-O 15. h6 Bh8 16. O-O-O Rfe8 17. Nf3 a4 18. f5 dxe5 19. fxg6 fxg6 20. Qe3 axb3 21. axb3 Nd7 22. Ng5 Nc5 23. Ne4 Ne6 24. c5 Nd4 25. Bxa6 Rxa6 26. Qd3 Ra2 27. Qc4+ Qe6 28. Qxe6+ Rxe6 29. Kb1 Ra8 30. Rhf1 Rf8 31. Rxf8+ Kxf8 32. Ng5 Re7 33. Bxd4 exd4 34. Kc2 Ke8 35. Kd3 Re3+ 36. Kc4 Rc3+ 37. Kb4 Rg3 38. Nxh7 Rxg2 39. Re1+ Kf7 40. Rf1+ Kg8 41. Nf6+ Kf7 42. Nh5+ Ke7 43. Nf4 Rg4 44. Nd3 Rh4 45. Kc4 Rxh6 46. Nb4 g5 47. Ra1 g4 48. Ra7 Kd7 49. Ra8 Bg7 50. Rg8 Rg6 51. Nd3 Ke7 52. Nf4 Kf7 53. Rc8 Rf6 54. Rxc7+ Kg8 55. Nh5 Rg6 56. Ng3 Be5 57. Rc8+ Kf7 58. Ne2 g3 59. b4 g2 60. Ng1 Bh2 61. Nf3 g1=Q 62. Nxg1 Bxg1 63. Rc7+ Ke8 64. b5 cxb5+ 65. Kxb5 d3 66. Ra7 d2 67. Ra1 Be3 68. c6 Rg1 69. Ra8+ Ke7 70. c7 d1=Q 71. c8=Q Qb3+ 72. Kc6 Rc1# 0-1


[Site "https://www.chess.com"]

[Event "Titled Tuesday Blitz August 24 2021"]
[White "Stribuk, Artiom"]
[Black "Indjic, Aleksandar"]
[WhiteFideId "13515659"]
[BlackFideId "911925"]
[WhiteElo "2224"]
[BlackElo "2643"]
[Result "1-0"]
[Round "03"]
[TimeControl "180+1"]
[Date "2021.08.24"]
[WhiteClock "0:00:13"]
[BlackClock "0:00:20"]

1. d4 c5 2. d5 e5 3. e4 d6 4. Bb5+ Nd7 5. a4 a6 6. Bd3 Be7 7. Qe2 Bg5 8. Nd2 b6 9. Ngf3 Be7 10. c3 Ngf6 11. Nc4 Rb8 12. Ne3 g6 13. Nf1 Bf8 14. Ng3 Bg7 15. Bxa6 h5 16. h4 Bxa6 17. Qxa6 O-O 18. Qe2 Ng4 19. Ng5 Qc7 20. f3 Ngf6 21. b3 c4 22. b4 Ra8 23. Be3 b5 24. a5 Ra6 25. Kd2 Qb7 26. Kc2 Re8 27. Nf1 Nf8 28. Nd2 Qc8 29. Rag1 Qd7 30. g3 Qc8 31. Kb2 Qd7 32. Nf1 Qc7 33. Bc1 Rea8 34. Kc2 Qd8 35. Rh2 Qc8 36. g4 Qd7 37. Ng3 hxg4 38. h5 gxf3 39. Qxf3 Qg4 40. hxg6 fxg6 41. Rf2 Qxf3 42. Rxf3 N6h7 43. Rgf1 Nxg5 44. Bxg5 R6a7 45. Nh1 Rd7 46. Nf2 Nh7 47. Bh4 Rf7 48. Rxf7 Kxf7 49. Ng4+ Ke8 50. Ne3 Ra7 51. Rg1 Kf7 52. Rf1+ Ke8 53. Kd2 Bh6 54. Ke2 Bf4 55. Bf2 Ra8 56. Ng2 Bg5 57. Rh1 Nf6 58. Rh8+ Kd7 59. Rxa8 Nxe4 60. a6 Nxc3+ 61. Kf1 Nxd5 62. a7 Nc7 63. Rb8 c3 64. Ne1 d5 65. Rb7 Kc6 66. Rxc7+ Kxc7 67. a8=Q 1-0


[Site "https://www.chess.com"]

[Event "Titled Tuesday Blitz August 24 2021"]
[White "Svane, Frederik"]
[Black "Polivanov, Anatoliy"]
[WhiteFideId "12923044"]
[BlackFideId "14109468"]
[WhiteElo "2459"]
[BlackElo "2472"]
[Result "1-0"]
[Round "03"]
[TimeControl "180+1"]
[Date "2021.08.24"]
[WhiteClock "0:00:03"]
[BlackClock "0:00:01"]

1. e4 c5 2. Nc3 g6 3. d4 cxd4 4. Qxd4 Nf6 5. Nf3 Nc6 6. Qa4 d6 7. e5 dxe5 8. Nxe5 Bd7 9. Nxd7 Nxd7 10. Be3 Bg7 11. Be2 O-O 12. O-O Qa5 13. Qh4 Qb4 14. Ne4 f5 15. Bc4+ Kh8 16. Ng5 Nf6 17. c3 Qxb2 18. Rab1 Qxc3 19. Rfc1 Qa3 20. Rxb7 Ne5 21. Bb3 Rac8 22. Rxc8 Rxc8 23. h3 h5 24. Bf4 Rc1+ 25. Kh2 Neg4+ 26. hxg4 Nxg4+ 27. Kg3 Rc3+ 28. f3 Bd4 29. Rb8+ Kg7 30. Ne6+ Kh7 31. Nf8+ Kg7 32. Ne6+ Kh7 33. Nxd4 Qc5 34. Qg5 Qxd4 35. Qxe7+ Qg7 36. Bg8+ Kh8 37. Bf7+ Kh7 38. Bxg6+ Kxg6 39. Qg5+ 1-0


[Site "https://www.chess.com"]

[Event "Titled Tuesday Blitz August 24 2021"]
[White "Svane, Rasmus"]
[Black "Rahman, Ziaur"]
[WhiteFideId "4657101"]
[BlackFideId "10200037"]
[WhiteElo "2669"]
[BlackElo "2460"]
[Result "1-0"]
[Round "03"]
[TimeControl "180+1"]
[Date "2021.08.24"]
[WhiteClock "0:00:10"]
[BlackClock "0:00:01"]

1. Nf3 d5 2. g3 Nf6 3. Bg2 e6 4. O-O Be7 5. c4 O-O 6. b3 b6 7. d4 Bb7 8. Nc3 Nbd7 9. Bb2 c5 10. Ne1 Rc8 11. cxd5 Nxd5 12. Nxd5 Bxd5 13. Bxd5 exd5 14. dxc5 Nxc5 15. Ng2 Ne6 16. Qd3 Bf6 17. Bxf6 Qxf6 18. Qxd5 Rfd8 19. Qe4 Ng5 20. Qg4 Rc2 21. Ne3 Rcd2 22. Rad1 g6 23. Rxd2 Rxd2 24. Rd1 Rxd1+ 25. Nxd1 h5 26. Qc8+ Kg7 27. Qc3 Ne4 28. Qxf6+ Kxf6 29. f3 Nc5 30. Kf2 Ke5 31. Ke3 g5 32. Nf2 Kd5 33. h4 gxh4 34. gxh4 Ne6 35. Nd3 Ng7 36. Kf4 Kd4 37. Ne5 Ne6+ 38. Kf5 Nd8 39. e4 b5 40. b4 Ke3 41. Kg5 a6 42. Kxh5 Kf4 43. Nd3+ Kxf3 44. Nc5 Kf4 45. Nxa6 Kxe4 46. Kg5 Nc6 47. h5 Ke5 48. h6 f6+ 49. Kg6 Ne7+ 50. Kf7 Nf5 51. h7 1-0


[Site "https://www.chess.com"]

[Event "Titled Tuesday Blitz August 24 2021"]
[White "Sydoryka, Vladyslav"]
[Black "Kuzubov, Yuriy"]
[WhiteFideId "14145928"]
[BlackFideId "14112906"]
[WhiteElo "2217"]
[BlackElo "2564"]
[Result "0-1"]
[Round "03"]
[TimeControl "180+1"]
[Date "2021.08.24"]
[WhiteClock "0:00:01"]
[BlackClock "0:00:07"]

1. c4 e5 2. g3 Bc5 3. Bg2 Ne7 4. Nc3 d6 5. e3 Nbc6 6. Nge2 a6 7. a3 Ba7 8. b4 Be6 9. d3 Qd7 10. h4 O-O 11. Nd5 Nd8 12. d4 c6 13. Nxe7+ Qxe7 14. dxe5 dxe5 15. c5 f5 16. Qc2 Bd5 17. e4 fxe4 18. Bxe4 h6 19. Nc3 Bc4 20. Nd1 Bf7 21. O-O Ne6 22. Bb2 Rad8 23. Ne3 Bb8 24. Rad1 Nd4 25. Bxd4 exd4 26. Nc4 Kh8 27. Rfe1 Qf6 28. f4 Bh5 29. Rd2 Rfe8 30. Rf1 d3 31. Bxd3 Rd4 32. Rff2 Red8 33. Bf1 Bg6 34. Qc1 Be4 35. Rxd4 Qxd4 36. Qe3 Qxe3 37. Nxe3 Rd4 38. Bg2 g5 39. hxg5 hxg5 40. fxg5 Kg7 41. Bxe4 Rxe4 42. Nf5+ Kg6 43. Nd6 Bxd6 44. cxd6 Rd4 45. Rf6+ Kxg5 46. Rf7 Rxd6 47. Rxb7 Rd3 48. Rb6 Rxg3+ 49. Kf2 Rxa3 50. Rxc6 Kf4 51. Rb6 Ke4 52. b5 axb5 53. Rxb5 Kd4 54. Rb8 Kc4 0-1


[Site "https://www.chess.com"]

[Event "Titled Tuesday Blitz August 24 2021"]
[White "Tang, Andrew"]
[Black "Azaladze, Shota"]
[WhiteFideId "2059630"]
[BlackFideId "13603027"]
[WhiteElo "2588"]
[BlackElo "2452"]
[Result "1-0"]
[Round "03"]
[TimeControl "180+1"]
[Date "2021.08.24"]
[WhiteClock "0:00:05"]
[BlackClock "0:00:20"]

1. d4 g6 2. c4 Bg7 3. Nc3 Nf6 4. e4 c5 5. d5 O-O 6. Nge2 e6 7. Ng3 d6 8. Be2 h6 9. O-O e5 10. f4 exf4 11. Bxf4 Qe7 12. Qd2 Kh7 13. Nb5 Ne8 14. Rae1 a6 15. Nc3 Nd7 16. a4 b6 17. Nd1 Ne5 18. Nf2 Nf6 19. b3 Nfd7 20. Kh1 Bb7 21. Nh3 Rae8 22. Be3 a5 23. Nf2 Bc8 24. Nd1 Qd8 25. Nc3 Ba6 26. Rf2 Nf6 27. h3 Ng8 28. Ref1 h5 29. Kg1 Bh6 30. Bxh6 Nxh6 31. Bxh5 Qh4 32. Qe3 Kg7 33. Rf6 Ng8 34. Rxd6 Bc8 35. Be2 f5 36. exf5 Bxf5 37. Nxf5+ gxf5 38. Qf4 Qxf4 39. Rxf4 Ng6 40. Rf2 Re3 41. Nb5 Rxb3 42. Rxb6 Re8 43. Bh5 Re1+ 44. Kh2 Nh4 45. Rf4 Nf6 46. Rxh4 Ne4 47. Bf3 Nf2 48. Rb7+ Kf6 49. Kg3 Nh1+ 50. Kf4 Nf2 51. Rh6# 1-0


[Site "https://www.chess.com"]

[Event "Titled Tuesday Blitz August 24 2021"]
[White "Tiglon, Bryce"]
[Black "Odegov, Artem"]
[WhiteFideId "2087456"]
[BlackFideId "34183644"]
[WhiteElo "2818"]
[BlackElo "2257"]
[Result "1-0"]
[Round "03"]
[TimeControl "180+1"]
[Date "2021.08.24"]
[WhiteClock "0:00:20"]
[BlackClock "0:00:08"]

1. e4 Nf6 2. e5 Nd5 3. d4 d6 4. Nf3 g6 5. Be2 Bg7 6. O-O O-O 7. c4 Nb6 8. exd6 exd6 9. h3 Nc6 10. Nc3 Bf5 11. b3 Qd7 12. Be3 Rae8 13. Nh4 Bxh3 14. gxh3 Qxh3 15. Ng2 Ne5 16. dxe5 Bxe5 17. Bf4 Bxf4 18. Nxf4 Qxc3 19. Qd3 Qe5 20. Qg3 Kh8 21. Bf3 Qf6 22. Bxb7 Re5 23. Nh3 Rfe8 24. Bg2 Nd7 25. Rad1 Nc5 26. Rd2 a5 27. Kh2 Ne6 28. f4 Rh5 29. Bf3 Rh4 30. Bg4 Ng7 31. Kg2 h5 32. Bf3 Nf5 33. Qg5 Ne3+ 34. Kg1 Qxg5+ 35. Nxg5 Nxf1 36. Kxf1 Rxf4 37. Kg2 Re5 38. Nh3 Rf6 39. Rd3 Kg7 40. a3 a4 41. b4 Rfe6 42. Nf4 Re8 43. Nd5 c6 44. Nb6 Re3 45. Rxe3 Rxe3 46. Nxa4 Rxa3 47. Bxc6 Ra2+ 48. Kg3 Rc2 49. Bd5 g5 50. b5 f5 51. b6 Rc1 52. b7 Rb1 53. Nc3 Rb3 54. Kf2 g4 55. Nb5 f4 56. b8=Q Rb2+ 57. Ke1 Kf6 58. Qxd6+ Kg5 59. Qe5+ Kh4 60. Qxb2 g3 61. Qg2 1-0


[Site "https://www.chess.com"]

[Event "Titled Tuesday Blitz August 24 2021"]
[White "Timmermans, Mark"]
[Black "Song, Michael"]
[WhiteFideId "1026399"]
[BlackFideId "2613190"]
[WhiteElo "2460"]
[BlackElo "2274"]
[Result "1-0"]
[Round "03"]
[TimeControl "180+1"]
[Date "2021.08.24"]
[WhiteClock "0:01:39"]
[BlackClock "0:01:32"]

1. b4 c6 2. Bb2 Qb6 3. a3 a5 4. c4 d6 5. d4 Nf6 6. c5 Qc7 7. Nf3 b6 8. cxd6 exd6 9. e3 axb4 10. axb4 Rxa1 11. Bxa1 d5 12. b5 c5 13. Nc3 Be6 14. Be2 Nbd7 15. O-O Bd6 16. h3 O-O 17. Qb1 h6 18. Rc1 Ra8 19. e4 dxe4 20. Nxe4 Nxe4 21. Qxe4 Rc8 22. d5 Qb7 23. Bd3 Qxd5 24. Qh7+ Kf8 25. Be4 1-0


[Site "https://www.chess.com"]

[Event "Titled Tuesday Blitz August 24 2021"]
[White "Todorovic, Bojan"]
[Black "Quintiliano Pinto, Renato R."]
[WhiteFideId "917087"]
[BlackFideId "2117568"]
[WhiteElo "2266"]
[BlackElo "2439"]
[Result "0-1"]
[Round "03"]
[TimeControl "180+1"]
[Date "2021.08.24"]
[WhiteClock "0:00:03"]
[BlackClock "0:00:16"]

1. Nf3 Nf6 2. c4 e6 3. g3 d5 4. Bg2 Be7 5. O-O O-O 6. b3 c5 7. cxd5 exd5 8. d4 Nc6 9. Bb2 Ne4 10. Nc3 Bf6 11. Rc1 cxd4 12. Nb5 Qb6 13. Nbxd4 Re8 14. e3 Bg4 15. h3 Bh5 16. g4 Bg6 17. Qe2 Rad8 18. Rfd1 h5 19. Nxc6 bxc6 20. Bxf6 Nxf6 21. Nd4 c5 22. Nb5 hxg4 23. hxg4 d4 24. Na3 dxe3 25. fxe3 Qe6 26. Rxd8 Rxd8 27. Bf3 Be4 28. Nc4 Bxf3 29. Qxf3 Nxg4 30. Rf1 Nf6 0-1


[Site "https://www.chess.com"]

[Event "Titled Tuesday Blitz August 24 2021"]
[White "Tokman, Ariel"]
[Black "Shimanov, Aleksandr"]
[WhiteFideId "117420"]
[BlackFideId "4198603"]
[WhiteElo "2345"]
[BlackElo "2596"]
[Result "0-1"]
[Round "03"]
[TimeControl "180+1"]
[Date "2021.08.24"]
[WhiteClock "0:00:03"]
[BlackClock "0:00:48"]

1. e4 e6 2. d3 d5 3. Nd2 Nf6 4. Ngf3 Be7 5. g3 b6 6. Bg2 Bb7 7. e5 Nfd7 8. O-O c5 9. Re1 Nc6 10. c3 g5 11. h3 h5 12. Qe2 g4 13. hxg4 hxg4 14. Nh2 Ndxe5 15. Nxg4 Nxg4 16. Qxg4 Qd7 17. Nf3 O-O-O 18. Bg5 Rdg8 19. Qf4 Bd6 20. Qd2 Rg6 21. Bf4 Rg7 22. Ne5 Bxe5 23. Bxe5 Nxe5 24. Rxe5 d4 25. Qf4 Bxg2 26. Kxg2 Qb7+ 27. Qe4 dxc3 28. bxc3 Rd8 29. Rd1 Rh7 30. Qxb7+ Kxb7 31. Kf3 Rd7 32. Ke2 Kc6 33. a4 Rg7 34. Re4 Rg5 35. Ra1 Rgd5 36. Re3 Rd8 37. c4 Rd4 38. a5 b5 39. cxb5+ Kxb5 40. Rf3 R8d7 41. Re3 Ra4 42. Rc1 Rxa5 43. Re5 Kb6 44. Re4 Ra2+ 45. Ke3 Ra3 46. Rd1 Rb3 47. g4 a5 48. g5 Kb5 49. g6 fxg6 50. Rxe6 c4 51. Rxg6 a4 52. Rg5+ Kb4 53. Rg8 cxd3 54. Rd2 Re7+ 55. Kd4 Rd7+ 56. Ke3 Ka3 57. Ra8 Re7+ 58. Kd4 Rf7 59. Ke3 Re7+ 60. Kd4 Rh7 0-1


[Site "https://www.chess.com"]

[Event "Titled Tuesday Blitz August 24 2021"]
[White "Trent, Lawrence"]
[Black "Seliverstov, Vladimir"]
[WhiteFideId "408638"]
[BlackFideId "4192036"]
[WhiteElo "2474"]
[BlackElo "2489"]
[Result "1-0"]
[Round "03"]
[TimeControl "180+1"]
[Date "2021.08.24"]
[WhiteClock "0:01:24"]
[BlackClock "0:00:20"]

1. d4 d5 2. Bf4 Nf6 3. Nc3 Bf5 4. f3 e6 5. g4 Bg6 6. h4 h5 7. g5 Nfd7 8. e3 a6 9. Bd3 Bxd3 10. Qxd3 c5 11. g6 f5 12. O-O-O Nc6 13. Nh3 Be7 14. Bg5 Qb6 15. Nf4 Nf8 16. Ncxd5 exd5 17. Nxd5 Qa5 18. Qxf5 Bxg5 19. Qf7+ Kd8 20. dxc5 Kc8 21. Nb6+ Kb8 22. Qe8+ 1-0


[Site "https://www.chess.com"]

[Event "Titled Tuesday Blitz August 24 2021"]
[White "Tsaruk, Maksim"]
[Black "Le, Tuan Minh"]
[WhiteFideId "13511173"]
[BlackFideId "12401153"]
[WhiteElo "2184"]
[BlackElo "2450"]
[Result "1-0"]
[Round "03"]
[TimeControl "180+1"]
[Date "2021.08.24"]
[WhiteClock "0:00:07"]
[BlackClock "0:00:02"]

1. e4 c5 2. Nf3 Nf6 3. e5 Nd5 4. Nc3 e6 5. Nxd5 exd5 6. d4 Nc6 7. c3 d6 8. exd6 Bxd6 9. Bb5 O-O 10. O-O Bg4 11. dxc5 Bxc5 12. h3 Bh5 13. Bf4 Re8 14. g4 Bg6 15. Bg3 Qb6 16. a4 Rad8 17. b4 Bf8 18. Nd4 Nxd4 19. Bxe8 Nc2 20. Bxf7+ Kxf7 21. Ra2 d4 22. Rxc2 Bxc2 23. Qxc2 d3 24. Qb3+ Qe6 25. Qxe6+ Kxe6 26. Rd1 g6 27. Kg2 Bg7 28. c4 Rd4 29. c5 Rxb4 30. Rxd3 Rxa4 31. Rd6+ Ke7 32. Bh4+ Ke8 33. Rd8+ Kf7 34. Rd7+ Kf8 35. Rxb7 Rc4 36. Rxa7 Bd4 37. Rxh7 Kg8 38. Rc7 Rc2 39. Bg3 Kf8 40. h4 Ke8 41. c6 Bb6 42. Rc8+ Ke7 43. h5 gxh5 44. gxh5 Kf6 45. h6 Kg6 46. c7 Kh7 47. Rb8 Bxf2 48. Bxf2 Rxc7 49. Be3 Re7 50. Rb3 Rf7 51. Kg3 Re7 52. Kf3 Rf7+ 53. Bf4 Re7 54. Kg4 Rd7 55. Rc3 Re7 56. Kh5 Kg8 57. Bg5 Rd7 58. Rc8+ Kh7 59. Re8 1-0


[Site "https://www.chess.com"]

[Event "Titled Tuesday Blitz August 24 2021"]
[White "Vakhidov, Shahzod"]
[Black "Ovetchkin, Roman"]
[WhiteFideId "14205270"]
[BlackFideId "4119991"]
[WhiteElo "1988"]
[BlackElo "2432"]
[Result "0-1"]
[Round "03"]
[TimeControl "180+1"]
[Date "2021.08.24"]
[WhiteClock "0:01:23"]
[BlackClock "0:01:57"]

1. d4 Nf6 2. Nf3 g6 3. g3 Bg7 4. Bg2 O-O 5. O-O d6 6. b3 a5 7. a4 c6 8. Bb2 Bf5 9. Nh4 Bd7 10. c4 Na6 11. Re1 Re8 12. e4 e5 13. Nf3 exd4 14. Nxd4 Nc5 15. Nc3 Qb6 16. Ba3 Ng4 17. h3 Nxf2 18. Kxf2 Nxb3 19. c5 Nxc5 20. Kf1 Rad8 21. Rb1 Qa6+ 22. Kf2 Nd3+ 0-1


[Site "https://www.chess.com"]